 Dungeon Crawl Stone Soup version 0.27-a0-1312-g5cdb2b3542 (webtiles) character file.

Game seed: 14035548397380829348

3628 avis the Reanimator (level 9, -8/68 HPs)
             Began as a Deep Dwarf Necromancer on June 20, 2021.
             Was a Follower of Makhleb.
             Mangled by a white ugly thing (28 damage)
             ... on level 8 of the Dungeon on June 21, 2021.
             The game lasted 01:09:23 (11598 turns).

avis the Reanimator (Deep Dwarf Necromancer)       Turns: 11598, Time: 01:09:24

Health: -8/68      AC: 11    Str: 13    XL:     9   Next: 87%
Magic:  1/11       EV: 13    Int: 18    God:    Makhleb [*.....]
Gold:   482        SH:  0    Dex: 13    Spells: 3/12 levels left

rFire    . . .     SeeInvis .   a - +2 dire flail (holy)
rCold    . . .     Faith    .   (shield currently unavailable)
rNeg     + . .     Spirit   .   e - +4 acid dragon scales
rPois    .         Reflect  .   f - +0 helmet
rElec    .         Harm     .   w - scarf {+Inv}
rCorr    +         Rampage  .   (no gloves)
Will     +....                  (no boots)
Stlth    +++.......             (no amulet)
HPRegen  0.00/turn              k - ring of positive energy
MPRegen  0.12/turn              (no ring)

@: no status effects
A: damage resistance, heal wounds, sense surroundings 2, no regeneration
a: Heal Wounds, Renounce Religion, Evoke Invisibility


You were on level 8 of the Dungeon.
You worshipped Makhleb.
Makhleb was aware of your devotion.
You visited 2 branches of the dungeon, and saw 11 of its levels.

You collected 482 gold pieces.

Inventory:

Hand Weapons
 a - a +2 dire flail of holy wrath (weapon)
 h - a +1 dagger of freezing
 q - a +3 spear
 r - a +0 battleaxe
 x - a +5 arbalest
 B - a +0 flail
 E - a +2 quarterstaff of chaos
Missiles
 i - 7 javelins
 j - 9 boomerangs (quivered)
 o - 4 throwing nets
 C - 58 bolts
 D - 140 arrows
 K - 57 stones
 L - 13 poisoned darts
 N - 22 sling bullets
Armour
 e - +4 acid dragon scales (worn)
 f - a +0 helmet (worn)
 w - a scarf of invisibility (worn)
 y - a +3 ring mail
 F - a +1 cloak
 I - a +0 troll leather armour
Magical Staves
 m - a staff of conjuration
Jewellery
 k - a ring of positive energy (left hand)
Wands
 s - a wand of charming (5)
 u - a wand of paralysis (3)
 z - a wand of flame (12)
 G - a wand of iceblast (8)
 J - a wand of acid (10)
Scrolls
 b - 4 scrolls of identify
 g - 3 scrolls of teleportation
Potions
 c - 2 potions of haste
 d - 5 potions of curing {unknown}
 l - a potion of flight {unknown}
 n - 2 potions of ambrosia {unknown}
 p - 3 potions of attraction {unknown}
 t - a potion of invisibility {unknown}
 v - a potion of brilliance {unknown}
 A - a potion of magic {unknown}
 H - a potion of lignification {unknown}
 M - a potion of degeneration {unknown}
 O - a potion of berserk rage {unknown}


   Skills:
 - Level 5.0 Dodging
 + Level 6.9 Stealth
 - Level 2.0 Spellcasting
 * Level 13.4 Necromancy
 + Level 4.2 Invocations


You had 3 spell levels left.
You knew the following spells:

 Your Spells              Type           Power      Damage    Failure   Level
a - Pain                  Necr           100%       1d9       1%          1
d - Vampiric Draining     Necr           25%        2d9       1%          3
A - Agony                 Necr           50%        N/A       3%          5

Your spell library contained the following spells:

 Spells                   Type           Power      Damage    Failure   Level
 Animate Skeleton         Necr           100%       N/A       1%          1
 Corona                   Hex            1%         N/A       26%         1
 Magic Dart               Conj           4%         1d3       26%         1
 Blink                    Tloc           N/A        N/A       36%         2
 Call Imp                 Summ           1%         N/A       36%         2
 Ensorcelled Hibernation  Hex/Ice        2%         N/A       36%         2
 Searing Ray              Conj           2%         3d3       36%         2
 Slow                     Hex            1%         N/A       36%         2
 Confusing Touch          Hex            1%         N/A       61%         3
 Conjure Flame            Conj/Fire      1%         6-21      61%         3
 Dazzling Flash           Conj/Hex       2%         N/A       61%         3
 Mephitic Cloud           Conj/Pois/Air  1%         N/A       61%         3
 Tukima's Dance           Hex            1%         N/A       61%         3
 Animate Dead             Necr           25%        N/A       1%          4
 Fulminant Prism          Conj/Hex       0%         3d6       95%         4
 Iskenderun's Mystic Bla  Conj/Tloc      1%         2d3       95%         4


Dungeon Overview and Level Annotations

Branches:
Dungeon (10/15)            Temple (1/1) D:5
   Lair: D:8-11         Orc: D:9-12

Altars:
Cheibriados
Dithmenos
Elyvilon
Fedhas
Gozag
Kikubaaqudgha
Makhleb
Nemelex Xobeh
Okawaru
Qazlal
Ru
Sif Muna
Trog
Uskayaw
Vehumet
Xom
Yredelemnul
Zin
The Shining One
Beogh


Innate Abilities, Weirdness & Mutations

You are resistant to damage.
You can heal yourself by infusing magical energy.
You passively map the area around you.
You do not regenerate.


Message History

The centaur zombie hits you. The centaur zombie misses you.
The centaur zombie completely misses you.
The centaur zombie misses you.
You sock the centaur zombie!
The centaur zombie convulses!
The centaur zombie is severely damaged.
The centaur zombie hits you but does no damage.
The centaur zombie kicks you. The centaur zombie closely misses you.
The centaur zombie misses you.
You sock the centaur zombie!
You destroy the centaur zombie!
Makhleb accepts your kill.
Items here: ( )) [ †.
N - 22 sling bullets
D - 140 arrows (gained 20)
You see here a +0 shortbow.
Found a fuming yellow potion.
O - a coppery potion You start resting.
A white ugly thing comes into view.
The white ugly thing gurgles horribly!
Casting: Vampiric Draining (safe; 1% risk of failure)
Confirm with . or Enter, or press ? or * to list all spells.
Aiming: Vampiric Draining (safe; 1% risk of failure)
Press: ? - help, Shift-Dir - straight line, f - white ugly thing
Aim: a white ugly thing You draw life force from the white ugly thing.
You feel life coursing into your body. The white ugly thing barely misses you.
Casting: Vampiric Draining (safe; 1% risk of failure)
Confirm with . or Enter, or press ? or * to list all spells.
Aiming: Vampiric Draining (safe; 1% risk of failure)
Press: ? - help, Shift-Dir - straight line, f/p - white ugly thing
Aim: a white ugly thing (lightly wounded)
You draw life force from the white ugly thing!
You feel life coursing into your body. The white ugly thing barely misses you.
Your acid dragon scales prevents you from hitting the white ugly thing.
The white ugly thing is lightly wounded.
The white ugly thing tail-slaps you!
* * * LOW HITPOINT WARNING * * *
The white ugly thing freezes you!!
You die...

* ####### , ,
##.....########### * , , *
#..>.....!....... ,,, * ,,
#<..#.........####### , ,,,
,, #..........@........# ,,,
#...............u........#*,,
#...####..#..............#* ,
#.. ,.........!........# , ##
..##.######.......# , , * ,
,..##.# ##.....[.# ,,
..#.#####........# * , , ,
........)......+ ,, , ,
*#.#####).......# ,


You could see a white ugly thing.

Vanquished Creatures
  Joseph (D:8)
  A troll (D:7)
  A wyvern (D:8)
  A steam dragon (D:8)
  Edmund (D:6)
  Duvessa (D:6)
  3 water moccasins
  An ice beast (D:5)
  An ogre (D:4)
  4 centaurs
  A kobold brigand (D:9)
  A scorpion (D:5)
  2 wyvern zombies
  Dowan (D:6)
  A killer bee (D:6)
  3 howler monkeys
  9 centaur zombies
  2 hounds
  A bullfrog zombie (D:6)
  A jelly (D:6)
  5 orc priests
  A centaur skeleton (D:7)
  Crazy Yiuf (D:6)
  3 iguanas
  A bullfrog skeleton (D:4)
  2 gnoll shamans
  4 orc wizards
  2 killer bee zombies (D:9)
  The ghost of flotson the Sneak, a weakling DsDe (D:4)
  4 howler monkey zombies
  Robin (D:1)
  12 gnolls
  A howler monkey skeleton (D:5)
  8 adders
  A white imp (D:6)
  An adder zombie (D:5)
  A worm (D:3)
  A dart slug (D:2)
  46 orcs
  4 endoplasms
  A giant cockroach (D:4)
  13 goblins
  8 hobgoblins
  12 jackals
  3 quokkas
  9 ball pythons
  8 bats
  4 frilled lizards
  9 kobolds
  3 rats (D:2)
207 creatures vanquished.

Vanquished Creatures (others)
  A centaur (D:8)
1 creature vanquished.

Grand Total: 208 creatures vanquished

Notes
Turn   | Place    | Note
-------+----------+-------------------------------------------
     0 | D:1      | avis the Deep Dwarf Necromancer began the quest for the
                  | Orb.
     0 | D:1      | Reached XP level 1. HP: 15/15 MP: 3/3
   156 | D:1      | Found a faded altar of an unknown god.
   588 | D:1      | Reached XP level 2. HP: 20/22 MP: 5/5
   810 | D:2      | Noticed Robin
   818 | D:1      | Reached skill level 5 in Necromancy
  1023 | D:1      | Reached XP level 3. HP: 13/28 MP: 2/6
  1065 | D:1      | Learned a level 3 spell: Vampiric Draining
  1227 | D:1      | Killed Robin
  1745 | D:2      | Reached skill level 6 in Necromancy
  1745 | D:2      | Reached XP level 4. HP: 35/36 MP: 0/7
  1920 | D:2      | Found a sparkling altar of Nemelex Xobeh.
  3598 | D:3      | Reached XP level 5. HP: 31/42 MP: 0/8
  4091 | D:3      | Found a blossoming altar of Fedhas.
  4386 | D:3      | Reached skill level 7 in Necromancy
  4794 | D:4      | Reached XP level 6. HP: 49/49 MP: 0/9
  5181 | D:4      | Reached skill level 8 in Necromancy
  5606 | D:5      | Entered Level 5 of the Dungeon
  5693 | D:5      | Noticed a water moccasin
  5731 | D:5      | Killed a water moccasin
  5732 | D:5      | Reached skill level 5 in Stealth
  5732 | D:5      | Reached XP level 7. HP: 53/55 MP: 6/10
  5884 | D:5      | Found a staircase to the Ecumenical Temple.
  5892 | Temple   | Entered the Ecumenical Temple
  6388 | D:4      | Reached skill level 9 in Necromancy
  6860 | D:5      | Found a runed translucent gate.
  6904 | D:5      | Found a runed translucent gate.
  6906 | D:5      | Noticed flotson's ghost (weakling DsDe)
  6907 | D:5      | Found a runed translucent gate.
  7491 | D:4      | Killed flotson's ghost
  7849 | D:6      | Reached XP level 8. HP: 44/62 MP: 11/11
  7850 | D:6      | Noticed Edmund
  8215 | D:6      | Killed Edmund
  8216 | D:6      | Reached skill level 10 in Necromancy
  8403 | D:6      | Found a snail-covered altar of Cheibriados.
  8510 | D:6      | Noticed Duvessa
  8510 | D:6      | Noticed Dowan
  8526 | D:6      | Killed Duvessa
  8547 | D:6      | Killed Dowan
  8789 | D:6      | Reached skill level 5 in Dodging
  9168 | D:6      | Found a runed translucent door.
  9169 | D:6      | Noticed Crazy Yiuf
  9177 | D:6      | Killed Crazy Yiuf
  9295 | D:6      | Found an opulent altar of Gozag.
  9295 | D:6      | Found a glowing silver altar of Zin.
  9594 | D:6      | Reached skill level 11 in Necromancy
  9878 | D:7      | Noticed a troll
  9888 | D:7      | Killed a troll
  9922 | D:7      | Gained mutation: You passively map the area around you.
                  | [Deep Dwarf growth]
  9922 | D:7      | Reached XP level 9. HP: 45/68 MP: 2/11
  9926 | D:7      | Reached skill level 12 in Necromancy
 10345 | D:7      | You fall into a shaft and drop 3 floors!
 10345 | D:10     | Entered Level 10 of the Dungeon
 10662 | D:9      | Found a burning altar of Makhleb.
 10670 | D:9      | Became a worshipper of Makhleb the Destroyer
 10764 | D:9      | Reached skill level 1 in Invocations
 10800 | D:9      | Found a basalt altar of Yredelemnul.
 11075 | D:9      | Reached * piety under Makhleb
 11332 | D:8      | Reached skill level 13 in Necromancy
 11338 | D:8      | Learned a level 5 spell: Agony
 11516 | D:8      | Noticed Joseph
 11541 | D:8      | Killed Joseph
 11589 | D:8      | Noticed a white ugly thing
 11598 | D:8      | Mangled by a white ugly thing

Illustrated notes

Levels and vault maps discovered:
D:1:      doesnt_arrival_eight_statues, layout_basic,
          ebering_ecumenical_altar_abandoned, minmay_misc_feat_rows,
          chequers_hall_statues_corner_a, minmay_cut_off
D:2:      layout_basic, basic_altar, palyth_stone_intersect,
          minmay_pentomino_w4, uniq_robin
D:3:      layout_basic, lemuel_doored_altar
D:4:      layout_basic
D:5:      layout_rooms, minmay_temple_entry_grid, biasface_ghost_orc_armoury
D:6:      layout_basic, grunt_temple_overflow_gold_and_silver,
          kennysheep_little_box, minmay_small_thing, uniq_crazy_yiuf_cottage,
          uniq_edmund, uniq_duvessa
D:7:      layout_rooms
D:8:      layout_basic, dk_noncrumbling_3, minmay_crystal_water,
          uniq_prince_ribbit1, uniq_maurice, uniq_harold, uniq_joseph
D:9:      wander_river, layout_loops_corners, bloody_makhleb,
          nicolae_yredelemnul_corpse_copse
D:10:     layout_roguey, nicolae_wu_jian_immortal_techniques,
          nicolae_overflow_hidden_temple, serial_shops, nicolae_stop_n_shop_2,
          serial_corexii_hall, corexii_hall_statues_x,
          chequers_hall_statues_corner_a
Temple:   dshaligram_water_room_temple

Skill      XL: |  1  2  3  4  5  6  7  8  9 |
---------------+----------------------------+-----
Spellcasting   | 2 |  2.0
Necromancy     | 5 6 7 8 9 11 13 | 13.4
Stealth        | 3 5 6 |  6.9
Dodging        | 4 5 |  5.0
Invocations    | 4 |  4.2

Action                   |  1- 3 |  4- 6 |  7- 9 || total
-------------------------+-------+-------+-------++-------
Melee: Dagger            |    32 |    14 |       ||    46
       Flail             |       |    22 |    74 ||    96
       Dire flail        |       |       |   172 ||   172
Throw: Boomerang         |       |     1 |       ||     1
 Cast: Pain              |    57 |   120 |    85 ||   262
       Vampiric Draining |     8 |    12 |    97 ||   117
 Abil: Heal Wounds       |       |       |     2 ||     2
Evoke: Wand              |       |       |     3 ||     3
  Use: Scroll            |       |     8 |     1 ||     9
       Potion            |       |       |     3 ||     3
 Stab: Sleeping          |     1 |       |     8 ||     9
Armor: Acid dragon scale |    30 |    29 |   232 ||   291
Dodge: Dodged            |    62 |    35 |   364 ||   461

Table legend: (Time is in decaauts)
 A = Elapsed time spent in this place.
 B = Non-inter-level travel time spent in this place.
 C = Inter-level travel time spent in this place.
 D = Time resting spent in this place.
 E = Time spent auto-exploring this place.
 F = Levels seen in this place.
 G = Mean time per level.
                   A        B        C        D        E       F      G
               +--------+--------+--------+--------+--------+-----+--------+
         Total |  11740 |  11095 |    645 |   4348 |   3714 |  11 | 1067.3 |
       Dungeon |  11642 |  10997 |    645 |   4348 |   3645 |  10 | 1164.2 |
        Temple |     98 |     98 |      0 |      0 |     69 |   1 |   98.0 |
               +--------+--------+--------+--------+--------+-----+--------+

Top non-repeatable levels by time:
     D:5: 1953 daAuts
     D:4: 1924 daAuts
     D:2: 1815 daAuts
     D:6: 1485 daAuts
     D:1: 1426 daAuts
     D:3: 1213 daAuts
     D:7: 695 daAuts
     D:9: 661 daAuts
     D:8: 289 daAuts
    D:10: 178 daAuts
  Temple: 98 daAuts
